 Dungeon Sprint DCSS version 0.30-a0-605-gb2882149bf (webtiles) character file.

Game seed: 5042614623586074502

1418 mhtbhm the Grappler (level 8, -8/140 HPs)
             Began as a Troll Transmuter on Jan 7, 2023.
             Was an Initiate of Gozag.
             Mangled by a naga mage
             ... wielding a +0 spear
              (23 damage)
             ... in the Dungeon (Sprint VII: "The Pits").
             The game lasted 00:02:10 (705 turns).

mhtbhm the Grappler (Troll Transmuter)               Turns: 705, Time: 00:02:10

Health: -8/140     AC:  5    Str: 21    XL:     8   Next: 43%
Magic:  9/13       EV:  8    Int:  9    God:    Gozag
Gold:   1005       SH:  0    Dex: 10    Spells: 5/15 levels left

rFire   x . .      SeeInvis .      - Unarmed
rCold   + + +      Faith    .    (shield currently unavailable)
rNeg    . . .      Spirit   .    (body armour currently unavailable)
rPois   +          Reflect  .    (helmet currently unavailable)
rElec   .          Harm     .    (cloak currently unavailable)
rCorr   .          Rampage  .    (gloves unavailable)
Will    .....      NoTele   +    (boots unavailable) Stlth
                                 (no amulet)
HPRegen 1.23/turn                (no ring)
MPRegen 0.13/turn                (no ring)

@: berserking, ice-form, wereblooded, gold aura, constricted, very quick
A: freezing attack, amphibious, boosted hp, large, unfitting armour, (claws 3),
regeneration 1, (shaggy fur 1), (tough skin 1)
a: End Transformation, Renounce Religion, Potion Petition, Call Merchant, Bribe
Branch


You were in the Dungeon.
You worshipped Gozag.
Gozag was most pleased with you.
You were a creature of crystalline ice.
You visited 1 branch You collected 1494 gold pieces.
You spent 78 gold pieces at shops.
You paid 411 gold pieces to Gozag.

Inventory:

Armour
 a - a +0 robe (melded)
Scrolls
 h - a scroll of blinking
 j - 5 scrolls of amnesia
 k - a scroll of butterflies
 l - a scroll of fear
 m - a scroll of identify
Potions
 b - a potion of lignification
 c - 5 potions of curing
 d - 4 potions of heal wounds
 e - a potion of haste
 f - 4 potions of magic
 g - 2 potions of berserk rage
 i - 2 potions of invisibility


   Skills:
 + Level 4.2 Fighting
 + Level 7.2 Dodging
 + Level 2.1 Stealth
 + Level 12.4 Unarmed Combat
 + Level 4.3 Spellcasting
 + Level 5.5 Transmutations
 + Level 0.6 Ice Magic
 + Level 1.5 Poison Magic


You had 5 spell levels left.
You knew the following spells:

 Your Spells              Type           Power      Damage    Failure   Level
a - Beastly Appendage     Tmut           22%        N/A       2%          1
b - Wereblood             Tmut           11%        N/A       4%          2
c - Spider Form           Tmut/Pois      8%         N/A       19%         3
d - Ice Form              Ice/Tmut       7%         N/A       58%         4

Your spell library contained the following spells:

 Spells                   Type           Power      Damage    Failure   Level


Dungeon Overview and Level Annotations

Branches:
Dungeon (1/1)

Altars:
Ashenzari
Cheibriados
Dithmenos
Elyvilon
Fedhas
Gozag
Hepliaklqana
Kikubaaqudgha
Makhleb
Nemelex Xobeh
Okawaru
Qazlal
Ru
Sif Muna
Trog
Uskayaw
Vehumet
Wu Jian
Xom
Yredelemnul
Zin
The Shining One
Jiyva
Lugonu

Shops:
D ?


Innate Abilities, Weirdness & Mutations

You are a creature of crystalline ice.
You have a powerful freezing melee attack.
You are amphibious.
Your maximum health is increased.
Your armour is entirely melded.
You are incapable of wielding weapons or throwing items.
You are too large for most types of armour.
((You have claws for hands.))
Your natural rate of healing is unusually fast.
((You are covered in fur. (AC +1)))
((You have tough skin. (AC +1)))


Message History

You feel much better.
Unknown command.
A red film seems to cover your vision as you go berserk!
You feel yourself moving faster!
You feel mighty!
The naga warrior hits you with a +0 long sword!!
The naga warrior grabs you. The naga warrior constricts you.
You pummel the naga warrior!! You freeze the naga warrior.
The naga warrior is moderately wounded.
The naga warrior hits you with a +0 long sword!!
The naga warrior constricts you.
* * * LOW HITPOINT WARNING * * *
The naga mage casts a spell.
The naga mage seems to speed up.
The naga warrior blocks your attack.
The naga warrior is moderately wounded.
You pummel the naga warrior!! You freeze the naga warrior.
The naga warrior is severely wounded.
The naga warrior hits you with a +0 long sword.
* * * LOW HITPOINT WARNING * * *
The naga warrior constricts you.
* * * LOW HITPOINT WARNING * * *
You hit the naga warrior but do no damage.
The naga warrior is severely wounded.
The naga mage hits you from afar with a +0 spear!
* * * LOW HITPOINT WARNING * * *
You punch the naga warrior! You freeze the naga warrior.
The naga warrior is severely wounded.
The naga warrior hits you with a +0 long sword.
* * * LOW HITPOINT WARNING * * *
The naga warrior constricts you.
* * * LOW HITPOINT WARNING * * *
The naga warrior blocks your attack.
The naga warrior is severely wounded.
The naga mage points at the naga warrior and mumbles some strange words.
The naga warrior seems to grow toxic.
The naga warrior blocks your attack.
The naga warrior is severely wounded.
The naga mage hits you from afar with a +0 spear!!
You die...
Your body crumbles into a pile of gold.

#.#..'...#.##.......#
#.#..'...'.##.......#
#.#..########...<...#
#.#..'.)))[##.......#
#)#..#.)))[##.......#
#'###########.......#
#).#.#.##..##########
#)......#)#
##[#.#.##Y#
#.......#N#
##.#.#.##NN..N.+
#.....∩.#'#....#
##.#.#..'.#h...#
########## ####


You could see a naga warrior (curare), a salamander (strong), a naga mage (fast,
strong) and a jackal.

Vanquished Creatures
  A deep elf zephyrmancer (D)
  A manticore (D)
  Duvessa (D)
  A sky beast (D)
  A black bear (D)
  A wolf (D)
  An ogre (D)
  A necrophage (D)
  Dowan (D)
  A gnoll bouda (D)
  4 gnolls (D)
  An adder (D)
  An ufetubus (D)
  An endoplasm (D)
  2 giant cockroaches (D)
  A goblin (D)
  2 hobgoblins (D)
  2 jackals (D)
  A ball python (D)
  A ball python zombie (D)
26 creatures vanquished.

Notes
Turn   | Place    | Note
-------+----------+-------------------------------------------
     0 | D        | mhtbhm the Troll Transmuter began the quest for the Orb.
     0 | D        | Reached XP level 1. HP: 18/18 MP: 1/1
    22 | D        | Found a bloodstained altar of Trog.
    22 | D        | Found a shimmering blue altar of Sif Muna.
    22 | D        | Found a viscous altar of Jiyva.
    22 | D        | Found a hazy altar of Hepliaklqana.
    22 | D        | Found an opulent altar of Gozag.
    23 | D        | Found a glowing golden altar of the Shining One.
    23 | D        | Found a glowing silver altar of Zin.
    23 | D        | Found a basalt altar of Yredelemnul.
    23 | D        | Found a shimmering altar of Xom.
    23 | D        | Found an ornate altar of the Wu Jian Council.
    23 | D        | Found a sacrificial altar of Ru.
    23 | D        | Found a stormy altar of Qazlal.
    23 | D        | Found an iron altar of Okawaru.
    23 | D        | Found a sparkling altar of Nemelex Xobeh.
    23 | D        | Found a burning altar of Makhleb.
    23 | D        | Found a blossoming altar of Fedhas.
    23 | D        | Found a white marble altar of Elyvilon.
    23 | D        | Found a shadowy altar of Dithmenos.
    23 | D        | Found a snail-covered altar of Cheibriados.
    25 | D        | Found a radiant altar of Vehumet.
    25 | D        | Found a corrupted altar of Lugonu.
    26 | D        | Found a hide-covered altar of Uskayaw.
    26 | D        | Found an ancient bone altar of Kikubaaqudgha.
    26 | D        | Found a broken altar of Ashenzari.
    30 | D        | Became a worshipper of Gozag Ym Sagoz the Greedy
    79 | D        | Reached skill level 4 in Unarmed Combat
    79 | D        | Reached XP level 2. HP: 3/26 MP: 0/3
   179 | D        | Learned a level 2 spell: Wereblood
   199 | D        | Noticed a sky beast
   208 | D        | Killed a sky beast
   209 | D        | Reached skill level 1 in Fighting
   209 | D        | Reached skill level 6 in Unarmed Combat
   209 | D        | Reached XP level 3. HP: 27/35 MP: 1/5
   209 | D        | Reached XP level 4. HP: 32/42 MP: 1/6
   267 | D        | Learned a level 3 spell: Spider Form
   316 | D        | Noticed an ogre
   326 | D        | Reached skill level 7 in Unarmed Combat
   332 | D        | Reached XP level 5. HP: 49/49 MP: 0/7
   337 | D        | Killed an ogre
   338 | D        | Reached skill level 8 in Unarmed Combat
   345 | D        | Reached skill level 5 in Dodging
   345 | D        | Reached XP level 6. HP: 58/59 MP: 1/9
   474 | D        | Bought a scroll of fear for 52 gold pieces
   474 | D        | Bought a scroll of identify for 26 gold pieces
   483 | D        | Reached skill level 1 in Stealth
   483 | D        | Reached skill level 9 in Unarmed Combat
   483 | D        | Noticed a manticore
   504 | D        | Learned a level 4 spell: Ice Form
   542 | D        | Killed a manticore
   543 | D        | Reached skill level 10 in Unarmed Combat
   543 | D        | Reached skill level 1 in Poison Magic
   543 | D        | Reached XP level 7. HP: 32/67 MP: 5/11
   548 | D        | Noticed Duvessa
   548 | D        | Noticed Dowan
   557 | D        | Reached skill level 11 in Unarmed Combat
   559 | D        | Reached skill level 5 in Transmutations
   570 | D        | Killed Duvessa
   581 | D        | Killed Dowan
   582 | D        | Reached XP level 8. HP: 33/78 MP: 9/13
   685 | D        | Noticed a naga mage
   685 | D        | Noticed a naga warrior
   685 | D        | Noticed a salamander
   685 | D        | Noticed a deep elf zephyrmancer
   692 | D        | Killed a deep elf zephyrmancer
   693 | D        | Reached skill level 12 in Unarmed Combat
   705 | D        | Mangled by a naga mage

Illustrated notes

Levels and vault maps discovered:
D:        pitsprint [storerooms_1, entrance_room_1, metal_vault_1, armoury_1,
          mini_pit_1, grid_room_1, main_hall_1, silver_pit, the_coven_3,
          the_vestibule_1, steel_vault_3, golden_pit, hallway_of_sentries,
          crystal_vault_4, iron_vault_1, final_vault]

Skill      XL: |  1  2  3  4  5  6  7  8 |
---------------+-------------------------+-----
Transmutations | 2 3 4 5 |  5.5
Dodging        | 2 3 4 5 6 7 |  7.2
Unarmed Combat | 4 6 7 8 10 11 12 | 12.4
Fighting       | 1 2 3 4 |  4.2
Spellcasting   | 2 3 4 |  4.3
Stealth        | 1 2 |  2.1
Poison Magic   | 1 |  1.5
Ice Magic      | |  0.6

Action                   |  1- 3 |  4- 6 |  7- 9 || total
-------------------------+-------+-------+-------++-------
Melee: Unarmed           |    32 |    36 |    37 ||   105
       Kick              |     4 |       |       ||     4
       Punch             |       |     2 |     1 ||     3
 Cast: Beastly Appendage |     2 |       |       ||     2
       Wereblood         |     1 |     3 |     1 ||     5
       Spider Form       |       |     2 |       ||     2
       Ice Form          |       |       |     1 ||     1
Invok: Call Merchant     |       |     1 |       ||     1
  Use: Potion            |       |       |     4 ||     4
 Stab: Distracted        |       |     1 |       ||     1
Armor: Robe              |    19 |     6 |     4 ||    29
Dodge: Dodged            |    22 |    34 |    14 ||    70

Table legend: (Time is in decaauts)
 A = Elapsed time spent in this place.
 B = Non-inter-level travel time spent in this place.
 C = Inter-level travel time spent in this place.
 D = Time resting spent in this place.
 E = Time spent auto-exploring this place.
 F = Levels seen in this place.
 G = Mean time per level.
                   A        B        C        D        E       F      G
               +--------+--------+--------+--------+--------+-----+--------+
         Total |    688 |    688 |      0 |    350 |      0 |   1 |  688.0 |
       Dungeon |    688 |    688 |      0 |    350 |      0 |   1 |  688.0 |
               +--------+--------+--------+--------+--------+-----+--------+

Top non-repeatable levels by time:
       D: 688 daAuts
